 Dungeon Crawl Stone Soup version 0.29.0-4-gdea44cf6ec (webtiles) character file.

Game seed: 14749447592008823269

44 funkygono the Firebug (level 3, -1/19 HPs)
             Began as a Gargoyle Fire Elementalist on Aug 27, 2022.
             Killed from afar by Natasha (9 damage)
             ... with a magic dart
             ... on level 2 of the Dungeon.
             The game lasted 00:02:17 (1318 turns).

funkygono the Firebug (Gargoyle Fire Elementalist)  Turns: 1318, Time: 00:02:18

Health: -1/19      AC:  8    Str: 11    XL:     3   Next: 62%
Magic:  4/6        EV: 10    Int: 17    God:
Gold:   116        SH:  0    Dex: 10    Spells: 4/7 levels left

rFire   . . .      SeeInvis .   l - +0 flail
rCold   . . .      Faith    .   (no shield)
rNeg    + + .      Spirit   .   f - +0 ring mail
rPois   ∞          Reflect  .   (no helmet)
rElec   +          Harm     .   (no cloak)
rCorr   .          Rampage  .   (no gloves)
Will    .....                   (no boots)
Stlth   +.........              (no amulet)
HPRegen 0.06/turn               k - ring of positive energy
MPRegen 0.10/turn               (no ring)

@: no status effects
A: sickness immunity, AC +3, negative energy resistance 1, electricity
resistance, torment resistance 1, petrification resistance
a: no special abilities


You were on level 2 of the Dungeon.
You visited 1 branch of the dungeon, and saw 2 of its levels.

You collected 116 gold pieces.

Inventory:

Hand Weapons
 l - a +0 flail (weapon)
Armour
 a - a +0 robe
 f - a +0 ring mail (worn)
 h - +0 fire dragon scales
Jewellery
 k - a ring of positive energy (left hand)
Scrolls
 c - a scroll of blinking {unknown}
 g - 3 scrolls of fog {unknown}
 j - a scroll of teleportation {unknown}
 m - a scroll of enchant weapon {unknown}
Potions
 b - a potion of magic
 d - 2 potions of heal wounds {unknown}
 e - 3 potions of flight {unknown}
 i - 2 potions of attraction {unknown}


   Skills:
 + Level 0.2 Armour
 + Level 2.0 Dodging
 + Level 2.3 Stealth
 + Level 2.5 Spellcasting
 + Level 1.2 Conjurations
 + Level 3.6 Fire Magic


You had 4 spell levels left.
You knew the following spells:

 Your Spells              Type           Power      Damage    Failure   Level
a - Foxfire               Conj/Fire      40%        2x1d6     16%         1
b - Scorch                Fire           28%        2d6       14%         2

Your spell library contained the following spells:

 Spells                   Type           Power      Damage    Failure   Level
 Conjure Flame            Conj/Fire      10%        6-21      43%         3
 Inner Flame              Hex/Fire       8%         N/A       54%         3
 Ensorcelled Hibernation  Hex/Ice        4%         N/A       56%         2
 Passwall                 Tmut/Erth      1%         N/A       56%         2
 Swiftness                Air            2%         N/A       80%         3
 Flame Wave               Conj/Fire      10%        2d6       85%         4


Dungeon Overview and Level Annotations

Branches:
Dungeon (2/15)

Altars:

Annotations:
D:2 Natasha


Innate Abilities, Weirdness & Mutations

You are immune to sickness and miasma.
Your stone body is resilient. (AC +3)
You are immune to poison.
You resist negative energy. (rN+)
You are resistant to electric shocks. (rElec)
You are resistant to unholy torment.
You are immune to petrification.


Message History

The ball python hisses angrily.
The kobold shouts!
Casting: Foxfire (safe; 16% risk of failure)
Confirm with . or Enter, or press ? or * to list all spells.
You miscast Foxfire.
You are very lightly contaminated with residual magic.
Nothing appears to happen.
Natasha attacks as you move away! Natasha claws you.
Natasha stares at you and mumbles some strange words.
The magic dart hits you.
Casting: Foxfire (safe; 16% risk of failure)
Confirm with . or Enter, or press ? or * to list all spells.
Flames lash Natasha.
Natasha is moderately wounded.
Natasha's fire resistance burns away.
Natasha mumbles some strange words.
Natasha glows brightly for a moment.
Natasha casts a spell at you. The magic dart hits you.
Natasha closely misses you.
You barely miss Natasha.
Natasha is moderately wounded.
Natasha is no longer more vulnerable to fire.
Natasha casts a spell.
Natasha claws you but does no damage.
Your magical contamination has completely faded away.
You sock Natasha!
Natasha is almost dead.
Natasha claws you.
The shadow imp hits you but does no damage.
You barely miss Natasha.
Natasha is almost dead.
Natasha claws you. The shadow imp barely misses you.
A rat comes into view.
Natasha closely misses you.
You closely miss Natasha.
Natasha is almost dead.
The shadow imp hits you but does no damage.
Natasha casts a spell at you. The magic dart hits you!
You die...

#.###...#### ...
#........... #..
##########.# #.#### #####
#.# .....# ##...## ##.# #
#.##.# #..#..####..#
..##.##.##.# #.###........
......[K##.###..#..####.##
#..JSh@........## #)#
#######5######## #.# #.#
#.# #.# #.# #.# #.# ...
#.# ###


You could see Natasha, a shadow imp (summoned), an endoplasm, a ball python and
a kobold.

Vanquished Creatures
  A gnoll (D:1)
  3 dart slugs (D:1)
  5 ball pythons (D:1)
  2 endoplasms (D:1)
  3 hobgoblins
  2 bats (D:1)
  9 goblins
  2 kobolds (D:1)
27 creatures vanquished.

Vanquished Creatures (others)
  55 foxfires
55 creatures vanquished.

Grand Total: 82 creatures vanquished

Notes
Turn   | Place    | Note
-------+----------+-------------------------------------------
     0 | D:1      | funkygono the Gargoyle Fire Elementalist began the quest
                  | for the Orb.
     0 | D:1      | Reached XP level 1. HP: 10/10 MP: 3/3
   225 | D:1      | Reached XP level 2. HP: 15/15 MP: 3/5
   229 | D:1      | Learned a level 2 spell: Scorch
   736 | D:1      | Reached XP level 3. HP: 19/19 MP: 4/6
  1307 | D:2      | Noticed Natasha
  1318 | D:2      | Killed from afar by Natasha

Illustrated notes

Levels and vault maps discovered:
D:1:      nicolae_arrival_somewhat_less_tricky_arrival, layout_basic
D:2:      layout_loops_ring, shapermc_ecumenical_altar_petra, kennysheep_donut,
          chequers_jeans, serial_bayou_pond_c, roderic_roman_lattice,
          minmay_3d_cube, uniq_natasha

Skill      XL: |  1  2  3 |
---------------+----------+-----
Dodging        | 2 |  2.0
Armour         | |  0.2
Stealth        | |  2.3
Spellcasting   | |  2.5
Conjurations   | |  1.2
Fire Magic     | |  3.6

Action                   || total
-------------------------++-------
Melee: Unarmed           ||     5
       Club              ||    16
       Flail             ||     4
 Cast: Foxfire           ||    32
       Scorch            ||     2
Armor: Robe              ||     2
       Ring mail         ||    13
Dodge: Dodged            ||    10
